 Dungeon Crawl Stone Soup version 0.17.1-3-g152610e (webtiles) character file.

47 Gargoyl the Skirmisher (level 3, 0/29 HPs)
             Began as a Demonspawn Abyssal Knight on Mar 11, 2016.
             Was a Follower of Lugonu.
             Succumbed to an adder's poison
             ... on level 2 of the Dungeon.
             The game lasted 00:02:27 (1277 turns).

Gargoyl the Skirmisher (Demonspawn Abyssal Knight)  Turns: 1277, Time: 00:02:27

Health: 0/29       AC:  6    Str: 18    XL:     3   Next: 48%
Magic:  5/5        EV: 11    Int: 13    God:    Lugonu [*.....]
Gold:   119        SH:  0    Dex: 12    Spells: 0 memorised, 2 levels left

rFire  . . .     SeeInvis .     a - +1 hand axe
rCold  . . .     Clarity  .     e - +0 ring mail
rNeg   . . .     SustAt   .     (no shield)
rPois  .         Gourm    .     (no helmet)
rElec  .         Spirit   .     (no cloak)
rCorr  .         Warding  .     n - +0 pair of gloves
rMut   .         Stasis   .     (no boots)
MR     .....                    (no amulet)
Stlth  ++........               (no ring)
                                (no ring)

@: mighty, lethally poisoned (0 -> -4), flying, not resistant to hostile
enchantments, unstealthy
A: nightstalker 1
a: Depart the Abyss, Renounce Religion


You were on level 2 of the Dungeon.
You worshipped Lugonu.
Lugonu was aware of your devotion.
You were hungry.

You visited 1 branch of the dungeon, and saw 2 of its levels.
You visited the Abyss 1 time.

You collected 119 gold pieces.

Inventory:

Hand Weapons
 a - a +1 hand axe (weapon)
Missiles
 f - 8 tomahawks (quivered)
Armour
 e - a +0 ring mail (worn)
 n - a +0 pair of gloves (worn)
Scrolls
 b - a scroll of random uselessness {unknown}
 d - 3 scrolls of enchant weapon {unknown}
 g - a scroll of identify {unknown}
 i - a scroll of magic mapping {unknown}
 l - a scroll of fear {unknown}
Comestibles
 c - a bread ration
 j - 2 slices of pizza
 m - a meat ration
 o - 7 chunks of flesh


   Skills:
 + Level 3.5 Fighting
 + Level 1.8 Axes
 + Level 2.2 Armour
 + Level 1.3 Dodging
 + Level 0.2 Stealth
 + Level 3.2 Invocations


You had 2 spell levels left.
You didn't know any spells.

Dungeon Overview and Level Annotations

Branches:
Dungeon (2/15)

Altars:


Innate Abilities, Weirdness & Mutations

You are slightly more attuned to the shadows.


Message History

You feel very buoyant.
You fly up into the air.
* * * LOW HITPOINT WARNING * * *
You feel sick. The adder bites you but does no damage.
You miss the adder.
The adder is almost dead.
The adder bites you but does no damage.
You slash the adder!
You kill the adder!
Lugonu accepts your kill.
* * * LOW HITPOINT WARNING * * *
You feel sick.
* * * LOW HITPOINT WARNING * * *
You feel sick.
You see here an adder corpse.
* * * LOW HITPOINT WARNING * * *
You feel sick.
You see here a scroll labeled EBUSTR YG RAJAC.
You are feeling hungry.
You die...

###..# .##..# .# .##..#
....... .##..# #.#...#
.##..# #.#...####
.##..#####.#......
................. #
#.#...........####.#.##
.†..........†.?.@......
#).#.##.####..####.#.##
##.#.##.# #..# #
#...##.# #..# .....#.#
#..# .....#.# #..#
.....#.# #... ....#.#


There were no monsters in sight!

Vanquished Creatures
  An adder (D:2)
  A gnoll (D:1)
  2 giant geckos (D:1)
  2 ball pythons (D:1)
  4 bats (D:1)
  A giant cockroach (D:1)
  4 goblins (D:1)
  2 hobgoblins
  4 giant newts
  4 kobolds (D:1)
  A rat (D:1)
26 creatures vanquished.

Notes
Turn   | Place    | Note
--------------------------------------------------------------
     0 | Abyss:1  | Gargoyl the Demonspawn Abyssal Knight began the quest for the Orb.
     0 | Abyss:1  | Reached XP level 1. HP: 18/18 MP: 2/2
    20 | Abyss:1  | Noticed a small abomination
    47 | Abyss:1  | Noticed a purple very ugly thing
    98 | Abyss:2  | Noticed a smoke demon
    98 | Abyss:2  | Noticed a statue
    98 | Abyss:2  | Noticed a smoke demon
    99 | Abyss:2  | Noticed a deep elf priest
    99 | Abyss:2  | Noticed a deep elf priest
    99 | Abyss:2  | Noticed a hellwing
   103 | D:1      | Escaped the Abyss
   360 | D:1      | Reached skill level 1 in Dodging
   384 | D:1      | Reached * piety under Lugonu
   412 | D:1      | Gained mutation: You are slightly more attuned to the shadows. [demonic ancestry]
   412 | D:1      | Reached XP level 2. HP: 18/24 MP: 4/4
  1066 | D:1      | Reached XP level 3. HP: 21/29 MP: 5/5
  1275 | D:2      | HP: 1/29 [poisoned by an adder]
  1277 | D:2      | Succumbed to an adder's poison

Action                   || total
-------------------------++-------
Melee: Hand axe          ||    90
Throw: Tomahawk          ||     3
Invok: Depart the Abyss  ||     1
  Use: Potion            ||     2
 Stab: Sleeping          ||     1
  Eat: Chunk             ||     1
